 Dungeon Crawl Stone Soup version 0.29.1-15-g9cfb28693d (webtiles) character file.

Game seed: 10182155824961001043

25 BigDaddyOpFi the Trooper (level 2, 25/25 HPs)
             Began as a Palentonga Fighter on Feb 9, 2023.
             Got out of the dungeon alive.
             The game lasted 00:02:45 (976 turns).

BigDaddyOpFi the Trooper (Palentonga Fighter)        Turns: 976, Time: 00:02:46

Health: 25/25      AC:  6    Str: 21    XL:     2   Next: 82%
Magic:  2/2        EV:  7    Int:  8    God:
Gold:   53         SH:  4    Dex:  9    Spells: 1/1 levels left

rFire   . . .      SeeInvis +   a - +0 war axe
rCold   . . .      Faith    .   c - +0 buckler
rNeg    . . .      Spirit   .   b - +0 scale mail
rPois   .          Reflect  .   (no helmet)
rElec   .          Harm     .   (no cloak)
rCorr   .          Rampage  .   (no gloves)
Will    .....                   (no barding)
Stlth   ..........              (no amulet)
HPRegen 0.08/turn               (no ring)
MPRegen 0.08/turn               (no ring)

@: no status effects
A: large, rugged brown scales 3, see invisible, deformed body, roll 1, armoured
tail
a: Rolling Charge


You escaped.
You visited 1 branch of the dungeon, and saw 2 of its levels.

You collected 53 gold pieces.

Inventory:

Hand Weapons
 a - a +0 war axe (weapon)
Armour
 b - a +0 scale mail (worn)
 c - a +0 buckler (worn)
Scrolls
 e - a scroll of torment {unknown}
 g - a scroll of blinking {unknown}
 j - a scroll of immolation {unknown}
Potions
 d - a potion of might
 f - a potion of curing {unknown}
 h - a potion of heal wounds {unknown}
 i - 2 potions of cancellation {unknown}


   Skills:
 + Level 3.3 Fighting
 + Level 2.4 Axes
 + Level 2.6 Armour
 + Level 2.9 Shields


You had one spell level left.
You didn't know any spells.
Your spell library contained the following spells:

 Spells                   Type           Power      Damage    Failure   Level
 Conjure Flame            Conj/Fire      0%         6-21      99%         3
 Ignite Poison            Fire/Tmut/Pois 0%         N/A       99%         3
 Sticky Flame             Conj/Fire      0%         2d3       100%        4


Dungeon Overview and Level Annotations

Branches:
Dungeon (2/15)

Altars:


Innate Abilities, Weirdness & Mutations

You are completely covered in rugged brown scales. (AC +3, +7% HP)
You have supernaturally acute eyesight. (SInv)
Armour fits poorly on your strangely shaped body.
You can roll at nearby foes to attack.
You have a long armoured tail.


Message History

No target in view!
Partly explored, can't reach some places.
No target in view!
(D) Dungeon
Where to? (? - help)
Okay, then.
You can't go down here!
(D) Dungeon
Where to? (? - help)
There is a large open door here.
You see here 3 stones.
There is a stone staircase leading down here.
You climb downwards.
Found 10 gold pieces, an emerald potion and 2 stones.
Found a stone staircase leading down.
There is a stone staircase leading up here.
There are monsters nearby!
The dart slug launches a dart at you.
The slug dart hits you but does no damage.
The dart slug barely misses you.
You slash the dart slug!
The dart slug is almost dead.
The dart slug bites you but does no damage.
You hit the dart slug.
You kill the dart slug!
You see here a dart slug corpse.
Welcome back, BigDaddyOpFi the Palentonga Fighter.
Press ? for a list of commands and other information.
The frilled lizard bites you but does no damage.
The frilled lizard bites you but does no damage.
You hit the frilled lizard.
You kill the frilled lizard!
There is a stone staircase leading up here.
You climb upwards.
There is a stone staircase leading down here.
You see here 3 stones.
There is a large open door here.
There is a staircase leading out of the dungeon here.
Are you sure you want to leave the Dungeon?
This will make you lose the game!
You have escaped!

#..##### #.#
#..#.>.#
########
##..#.###
###≈≈≈§§≈#
......#
##§§§§§≈§≈≈
.####.#
#§§≈§≈#≈≈≈§ .#
#(#
##≈≈≈≈≈≈≈≈§ .#
#.# #≈≈#≈≈≈≈≈≈
.#
#.###≈≈§≈≈####
.#
#...'....§§.@#
.#
###.'..§....>#
.#
###≈≈≈≈≈####
## #≈§#≈≈≈§§≈
# ##§§§≈≈≈§≈≈
#§≈≈§§#§≈≈
##§≈≈§§§≈≈
###§§§§§§
#####


There were no monsters in sight!

Vanquished Creatures
  A dart slug (D:2)
  A ball python (D:1)
  2 endoplasms (D:1)
  2 goblins (D:1)
  2 jackals (D:1)
  3 kobolds (D:1)
  A quokka (D:1)
  2 bats (D:1)
  2 frilled lizards
  5 rats (D:1)
21 creatures vanquished.

Notes
Turn   | Place    | Note
-------+----------+-------------------------------------------
     0 | D:1      | BigDaddyOpFi the Palentonga Fighter began the quest for the
                  | Orb.
     0 | D:1      | Reached XP level 1. HP: 19/19 MP: 1/1
   319 | D:1      | Reached XP level 2. HP: 21/25 MP: 2/2
   947 | D:2      | Upgraded the game from 0.29.1-13-g9f3cf754e1 to
                  | 0.29.1-15-g9cfb28693d
   976 | D:$      | Got out of the dungeon alive.

Illustrated notes

Levels and vault maps discovered:
D:1:      lightli_molten_gateway, layout_loops_ring
D:2:      layout_rooms

Action                   || total
-------------------------++-------
Melee: War axe           ||    38
 Abil: Rolling Charge    ||     6
Armor: Scale mail        ||    28
Dodge: Dodged            ||    11
Block: Buckler           ||     7
